 Dungeon Crawl Stone Soup version 0.31-a0-1204-ge2c1a860ed (console) character file.

Game seed: 8984110420004730018

11902 juliuscaesar the Thaumaturge (level 12, -15/86 HPs)
             Began as a Formicid Delver on Dec 12, 2023.
             Was a Believer of Vehumet.
             Demolished by a very large slime creature (25 damage)
             ... on level 15 of the Dungeon.
             The game lasted 01:05:44 (16086 turns).

juliuscaesar the Thaumaturge (Formicid Delver)     Turns: 16086, Time: 01:05:45

Health: -15/86     AC: 11    Str: 18    XL:     12   Next: 13%
Magic:  29/29      EV: 12    Int: 14    God:    Vehumet [**....]
Gold:   1826       SH:  5    Dex: 15    Spells: 28/37 levels left

rFire   + . .        a - +5 flail (venom)
rCold   . . .        K - +0 buckler
rNeg    . . .        j - +3 robe of Clouds {*Thunder rCloud rElec}
rPois   .            (helmet unavailable)
rElec   +            S - +1 cloak
rCorr   .            w - +0 pair of gloves
SInv    +            R - +2 pair of boots
Will    ++++.        (no amulet)
Stlth   ++++         H - ring of willpower
HPRegen 0.34/turn    D - ring of willpower
MPRegen 0.21/turn

%: no passive effects
@: brilliant, attractive, enlightened, flying
A: permanent stasis, dig shafts and tunnels, antennae 3, four strong arms,
hooves 1, fire resistance 1, sense surroundings 1, persistent drain
a: Dig, Shaft Self, Renounce Religion


You were on level 15 of the Dungeon.
You worshipped Vehumet.
Vehumet was pleased with you.
You visited 2 branches of the dungeon, and saw 15 of its levels.

You collected 1826 gold pieces.

Inventory:

Hand Weapons
 a - a +5 flail of venom (weapon)
 b - a +2 orcbow of electrocution
 m - a +3 mace of freezing
 V - a +2 short sword of draining
 W - a +1 hand axe of electrocution
 Y - a +0 demon whip of venom
Missiles
 n - 5 javelins (quivered)
 B - 13 boomerangs
 M - 15 poisoned darts
 U - 2 curare-tipped darts
Armour
 j - the +3 robe of Clouds (worn) {*Thunder rCloud rElec}
   (You acquired it on level 6 of the Dungeon)

   *Thunder:  It occasionally creates storm clouds above nearby enemies.
   rCloud:    It grants its wearer immunity to clouds.
   rElec:     It insulates you from electricity.
 l - the +4 robe of the Carpenter {Rampage rC+ Dex+3}
   (You found it on level 2 of the Dungeon)

   Dex+3:     It affects your dexterity (+3).
   rC+:       It protects you from cold.
   Rampage:   It bestows one free step when moving towards enemies.
 w - a +0 pair of gloves (worn)
 K - a +0 buckler (worn)
 R - a +2 pair of boots (worn)
 S - a +1 cloak (worn)
 T - an orb of mayhem
Magical Staves
 h - a staff of conjuration
Jewellery
 i - a ring of magical power
 r - a ring of magical power
 x - a ring of protection from fire
 y - a ring of flight
 D - a ring of willpower (right hand)
 H - a ring of willpower (left hand)
 Q - a +6 ring of dexterity
Wands
 q - a wand of charming (6)
 I - a wand of polymorph (8)
 J - a wand of flame (12)
 L - a wand of mindburst (9)
 X - a wand of quicksilver (6)
Scrolls
 c - 2 scrolls of fog
 k - 6 scrolls of teleportation
 o - a scroll of poison
 p - a scroll of noise
 s - 3 scrolls of amnesia
 u - 3 scrolls of vulnerability
 C - 3 scrolls of immolation
Potions
 e - a potion of cancellation {unknown}
 g - a potion of lignification {unknown}
 t - a potion of brilliance
 z - a potion of ambrosia
 G - a potion of magic
 O - a potion of mutation


   Skills:
 + Level 5.6 Fighting
 - Level 2.0 Maces & Flails
 - Level 5.1 Ranged Weapons
 - Level 1.9 Armour
 - Level 2.4 Dodging
 + Level 7.3 Stealth
 - Level 3.5 Shields
 - Level 13.0 Spellcasting
 - Level 6.8 Conjurations
 - Level 3.1 Ice Magic
 - Level 2.0 Air Magic
 - Level 6.0 Poison Magic
 - Level 1.6 Evocations


You had 28 spell levels left.
You knew the following spells:

 Your Spells              Type           Power      Damage    Failure   Level
a - Poisonous Vapours     Pois/Air       60%        N/A       2%          2
A - Ozocubu's Armour      Ice            26%        N/A       9%          3
T - Olgreb's Toxic Radia  Pois           38%        N/A       9%          4

Your spell library contained the following spells:

 Spells                   Type           Power      Damage    Failure   Level
 Magic Dart               Conj           100%       1d8       1%          1
 Sting                    Tmut/Pois      100%       1d8       2%          1
 Momentum Strike          Conj/Tloc      54%        3d9       3%          2
 Lesser Beckoning         Tloc           26%        N/A       14%         2
 Alistair's Intoxication  Tmut/Pois      17%        N/A       61%         5
 Metabolic Englaciation   Hex/Ice        10%        N/A       82%         5
 Borgnjor's Vile Clutch   Necr/Erth      6%         N/A       95%         5
 Eringya's Noxious Bog    Tmut/Pois      13%        4d6       99%         6
 Simulacrum               Ice/Necr       10%        N/A       100%        6
 Blink                    Tloc           Unusable   N/A       N/A         2

Dungeon Overview and Level Annotations

Branches:
Dungeon (13/15)            Temple (1/1) D:5            Lair (0/5) D:10
    Orc (0/2) D:10
 Vaults: D:13-14

Altars:
Ashenzari
Cheibriados
Dithmenos
Elyvilon
Fedhas
Gozag
Hepliaklqana
Kikubaaqudgha
Makhleb
Nemelex Xobeh
Okawaru
Qazlal
Ru
Sif Muna
Trog
Uskayaw
Vehumet
Wu Jian
Xom
Yredelemnul
Zin
The Shining One

Shops:
D:3 =

Annotations:
D:6 exclusion: downstairs
D:8 2 transporters
D:11 exclusions: cyclops and 1 more exclusion
D:12 exclusion: sensed monster (detected)


Innate Abilities, Weirdness & Mutations

You cannot be hasted, slowed, berserked, paralysed or teleported.
You can dig through walls and to a lower floor.
You have a pair of large antennae on your head. (SInv)
Your four strong arms can wield two-handed weapons with a shield.
You have large cloven feet.
Your flesh is heat resistant. (rF+)
You passively map a small area around you.
Your health recovers twice as slowly from being drained.


Message History

Okay, then.
Unknown command.
Unknown command.
Okay, then.
Okay, then.
As you read the scroll of enchant armour, it crumbles to dust.
Your +0 pair of boots glows green for a moment.
As you read the scroll of enchant armour, it crumbles to dust.
Your +1 pair of boots glows green for a moment.
As you read the scroll of enchant armour, it crumbles to dust.
Your +0 cloak glows green for a moment.
The slime creature is attracted toward you.
Okay, then.
Okay, then.
You feel much better. The slime creature misses you.
You sock the slime creature!
The slime creature is heavily wounded.
The slime creature hits you!
You barely miss the slime creature.
The slime creature is heavily wounded.
The slime creature hits you.
Two slime creatures merge to form a large slime creature.
You barely miss the large slime creature.
The large slime creature is moderately wounded.
The sentinel's mark upon you fades away.
A slime creature comes into view.
You sock the large slime creature!
The large slime creature is moderately wounded.
Storm clouds gather above the slime creature.
The slime creature is engulfed in a thunderstorm.
Two slime creatures merge to form a very large slime creature.
You sock the very large slime creature!
The very large slime creature is heavily wounded.
The very large slime creature hits you!!
* * * LOW HITPOINT WARNING * * *
You sock the very large slime creature!
The very large slime creature is poisoned.
The very large slime creature is heavily wounded.
The very large slime creature hits you!!
You die...

* #..# #..# ,
* , ..# * , *
, ..,,* , ...
, * . , #.# *
, #., , #.# *
* #.,
####§#### , *
#..,,#.§.....#
* , #.#
#.#####.......
, , #.##§#
*.###### , ,
*#@J.# *.#
#.##.# .# ,,
*, ,,..# #.#
*.#* ....
*#..,, .# * *
..... .### ##
* , ..... . ,
, #...{ * #
*** ##.# , , ,
, * ,


You could see a very large slime creature (very poisoned).

Vanquished Creatures
  A two-headed ogre (D:12)
  Sonja (D:10)
  Amaemon (D:10)
  Maurice (D:8)
  An ugly thing (D:11)
  An orange demon (D:10)
  An unseen horror (D:11)
  A troll (D:9)
  2 hornets
  Grinder (D:6)
  6 yaks
  A shadow (D:11)
  A wyvern (D:10)
  A fire elemental (D:11)
  Eustachio (D:6)
  7 steam dragons
  An acid dragon (D:12)
  12 orc warriors
  3 ice beasts
  2 ogres
  A centaur (D:9)
  2 phantoms
  A kobold brigand (D:8)
  Blork the orc (D:6)
  4 bullfrogs
  3 gnoll sergeants
  2 scorpions
  18 wights
  22 killer bees
  3 howler monkeys
  An electric eel (D:10)
  5 hounds
  5 orc priests
  3 jellies
  4 iguanas
  16 orc wizards
  A statue (D:8)
  5 adders
  6 gnolls
  2 worms
  4 dart slugs
  33 orcs
  7 bats
  5 endoplasms
  4 giant cockroaches
  6 goblins
  4 hobgoblins
  6 jackals
  3 quokkas
  8 ball pythons
  3 frilled lizards
  9 kobolds
  6 rats
249 creatures vanquished.

Vanquished Creatures (others)
  An orc (D:10)
1 creature vanquished.

Grand Total: 250 creatures vanquished

Notes
Turn   | Place    | Note
-------+----------+-------------------------------------------
     0 | D:5      | juliuscaesar the Formicid Delver began the quest for the
                  | Orb.
     0 | D:5      | Reached XP level 1. HP: 18/18 MP: 1/1
    13 | D:6      | Noticed Grinder
    41 | D:6      | Noticed Blork the orc
    85 | D:5      | Found a staircase to the Ecumenical Temple.
    91 | Temple   | Entered the Ecumenical Temple
   184 | D:5      | Noticed a scorpion
   392 | D:4      | Noticed an ogre
   432 | D:4      | Found a shadowy altar of Dithmenos.
   474 | D:4      | Noticed a +0 hand axe
   474 | D:4      | Noticed a +0 dagger
   480 | D:4      | Found a hide-covered altar of Uskayaw.
   547 | D:2      | Identified the +4 robe of the Carpenter {Rampage rC+ Dex+3}
   597 | D:2      | Reached skill level 1 in Spellcasting
   597 | D:2      | Reached XP level 2. HP: 8/24 MP: 4/4
   671 | D:2      | Reached skill level 2 in Spellcasting
   769 | D:1      | Reached XP level 3. HP: 28/29 MP: 6/6
   894 | D:1      | Reached skill level 3 in Spellcasting
  1092 | D:1      | Reached XP level 4. HP: 35/35 MP: 8/8
  1903 | D:3      | Found a faded altar of an unknown god.
  2240 | D:3      | Found Arykhip's Jewellery Shop.
  2399 | D:3      | Reached skill level 4 in Spellcasting
  2399 | D:3      | Reached XP level 5. HP: 21/41 MP: 11/11
  2928 | D:4      | Identified a scroll of acquirement
  2952 | D:5      | HP: 2/41 [iguana (12)]
  2964 | D:5      | Reached skill level 5 in Spellcasting
  3147 | D:5      | Reached XP level 6. HP: 36/47 MP: 13/13
  3520 | D:5      | Reached skill level 6 in Spellcasting
  3646 | D:5      | Found a shimmering altar of Xom.
  3997 | D:5      | Noticed an ice beast
  4007 | D:5      | Killed an ice beast
  4008 | D:5      | Reached XP level 7. HP: 52/52 MP: 17/17
  4351 | D:6      | Acquired 952 gold pieces
  4353 | D:6      | Acquired the +3 robe of Clouds {*Thunder rCloud rElec}
  4353 | D:6      | Found the +3 robe of Clouds {*Thunder rCloud rElec}
  4528 | D:6      | Reached skill level 7 in Spellcasting
  4643 | D:6      | You fall into a shaft and drop 2 floors!
  4679 | D:8      | Found a transporter.
  4715 | D:8      | Noticed a yak
  4834 | D:8      | Noticed Maurice
  4889 | D:7      | Noticed a steam dragon
  5337 | D:5      | Reached skill level 8 in Spellcasting
  5337 | D:5      | Reached XP level 8. HP: 58/58 MP: 20/20
  6109 | D:6      | Found a basalt altar of Yredelemnul.
  6410 | D:6      | Reached skill level 9 in Spellcasting
  6966 | D:6      | Noticed Eustachio
  6968 | D:6      | Killed Blork the orc
  6969 | D:6      | Reached skill level 10 in Spellcasting
  7033 | D:6      | Killed Eustachio
  7034 | D:6      | Reached XP level 9. HP: 63/64 MP: 23/23
  7145 | D:6      | Killed Grinder
  7258 | D:7      | Reached skill level 11 in Spellcasting
  7632 | D:7      | Noticed a hornet
  7695 | D:6      | Killed a hornet
  7696 | D:6      | Reached skill level 12 in Spellcasting
  8076 | D:7      | Reached XP level 10. HP: 70/70 MP: 26/26
  8334 | D:7      | Reached skill level 13 in Spellcasting
  8386 | D:7      | Reached skill level 1 in Conjurations
  8600 | D:8      | Found a burning altar of Makhleb.
  8728 | D:8      | Found a snail-covered altar of Cheibriados.
  8789 | D:8      | Found a transporter.
  8790 | D:8      | Noticed a kobold demonologist
  8790 | D:8      | Noticed a kobold demonologist
  9259 | D:8      | Found a radiant altar of Vehumet.
  9275 | D:8      | Became a worshipper of Vehumet
  9360 | D:8      | Reached skill level 5 in Conjurations
  9615 | D:8      | Killed Maurice
 10168 | D:9      | Reached skill level 1 in Shields
 10313 | D:9      | Reached skill level 1 in Armour
 10313 | D:9      | Reached skill level 1 in Evocations
 10412 | D:9      | You fall into a shaft and drop 1 floor!
 10412 | D:10     | Entered Level 10 of the Dungeon
 10709 | D:9      | HP: 2/70 [orc warrior/+0 halberd (19)]
 11077 | D:9      | Reached XP level 11. HP: 74/76 MP: 28/28
 11572 | D:9      | Learned a level 2 spell: Poisonous Vapours
 11577 | D:9      | Learned a level 4 spell: Olgreb's Toxic Radiance
 11600 | D:10     | Found a hazy altar of Hepliaklqana.
 11633 | D:9      | Reached * piety under Vehumet
 11633 | D:9      | Offered knowledge of Sandblast by Vehumet.
 11796 | D:10     | Noticed Sonja
 12077 | D:11     | Noticed a red ugly thing
 12104 | D:11     | Learned a level 3 spell: Ozocubu's Armour
 12248 | D:10     | Found a staircase to the Lair.
 12356 | D:9      | Reached skill level 1 in Air Magic
 12465 | D:9      | Reached skill level 1 in Ice Magic
 12716 | D:9      | Reached skill level 1 in Ranged Weapons
 12930 | D:9      | Noticed a catoblepas
 12966 | D:9      | Reached skill level 5 in Poison Magic
 13032 | D:9      | HP: 3/71 [orc warrior/+0 scimitar (16)]
 13033 | D:9      | You fall into a shaft and drop 1 floor!
 14033 | D:9      | Found a glowing silver altar of Zin.
 14034 | D:9      | Found an opulent altar of Gozag.
 14221 | D:10     | Found a blossoming altar of Fedhas.
 14235 | D:10     | Killed Sonja
 14339 | D:10     | Offered knowledge of Magic Dart by Vehumet.
 14348 | D:10     | Reached ** piety under Vehumet
 14352 | D:10     | Noticed Amaemon
 14638 | D:10     | Killed Amaemon
 14639 | D:10     | Reached skill level 5 in Ranged Weapons
 15007 | D:10     | Found a staircase to the Orcish Mines.
 15169 | D:11     | Noticed a cyclops
 15725 | D:11     | Noticed a fire dragon
 15875 | D:11     | Reached XP level 12. HP: 78/83 MP: 29/29
 15948 | D:11     | Reached skill level 5 in Fighting
 15974 | D:12     | Noticed a two-headed ogre
 15990 | D:12     | Killed a two-headed ogre
 16051 | D:12     | You fall into a shaft and drop 1 floor!
 16056 | D:13     | Noticed a centaur warrior
 16061 | D:13     | You fall into a shaft and drop 2 floors!
 16061 | D:15     | Entered Level 15 of the Dungeon
 16064 | D:15     | Gained mutation: Your health recovers twice as slowly from
                  | being drained. [potion of mutation]
 16064 | D:15     | Gained mutation: You have large cloven feet. [potion of
                  | mutation]
 16064 | D:15     | Gained mutation: You passively map a small area around you.
                  | [potion of mutation]
 16064 | D:15     | Gained mutation: Your flesh is heat resistant. (rF+)
                  | [potion of mutation]
 16086 | D:15     | Demolished by a very large slime creature

Illustrated notes

Levels and vault maps discovered:
D:1:      nicolae_arrival_memento_mori, layout_loops_ring
D:2:      layout_rooms, chequers_serial_rivers_micro_b
D:3:      layout_loops_ring, shapermc_ecumenical_altar_totnotflames,
          serial_shops, nicolae_shop_real_fake_doors, grunt_decor_mini_mirrors
D:4:      layout_basic, dancing_weapons_uskayaw,
          grunt_dithmenos_smoke_and_mirrors
D:5:      layout_loops_corners, lemuel_crystal_altar, temple_green,
          water_maze_lemuel
D:6:      layout_layer_cave, nicolae_overflow_crystal_walls, uniq_blork_the_orc,
          uniq_eustachio, uniq_grinder
D:7:      layout_rooms
D:8:      gammafunk_wand_slinger, layout_basic, slow_altar_1, vehumet_statue,
          bloody_makhleb, uniq_maurice
D:9:      minmay_the_grid_square_5x5_3x3 [minmay_the_grid_square_5x5_minimal,
          minmay_the_grid_square_5x5_eight, minmay_the_grid_square_5x5_mess,
          minmay_the_grid_square_5x5_dogpile,
          minmay_the_grid_square_5x5_megaprize_hollow,
          minmay_the_grid_square_5x5_minivault,
          minmay_the_grid_square_5x5_corner,
          minmay_the_grid_square_5x5_half_checkered,
          minmay_the_grid_square_5x5_bracketed], layout_cave_pods,
          grunt_temple_overflow_gold_and_silver
D:10:     layout_irregular_city, overflow_temple_1_default,
          mainiacjoe_overflow_boulevard, lair_entry_dummy, david_orc_4,
          fountainhead, uniq_amaemon, uniq_sonja
D:11:     dragon1_lemuel, layout_basic
D:12:     hangedman_cross_stitches, layout_long_grid, gauntlet_entry_generic,
          uniq_jorgrun
D:13:     layout_rooms, ximxim_vaults_locker_room, hive_lemuel
D:15:     grunt_enter_depths_hoard, layout_loops_ring, kennysheep_flooded_box,
          minmay_misc_feat_pillars
Temple:   minmay_temple_curvy_loop

Skill      XL: |  1  2  3  4  5  6  7  8  9 10 11 12 |
---------------+-------------------------------------+-----
Spellcasting   | 1 2 3 4 5 6 8 10 12 13 | 13.0
Conjurations   | 6 |  6.8
Shields        | 2 3 |  3.5
Dodging        | 2 |  2.4
Armour         | 1 |  1.9
Evocations     | 1 |  1.6
Poison Magic   | 6 |  6.0
Air Magic      | 2 |  2.0
Ice Magic      | 3 |  3.1
Ranged Weapons | 5 |  5.1
Fighting       | 4 5 |  5.6
Stealth        | 7 |  7.3
Maces & Flails | |  2.0

Action                     |  1- 3 |  4- 6 |  7- 9 | 10-12 || total
---------------------------+-------+-------+-------+-------++-------
  Melee: Mace              |    83 |   154 |    90 |       ||   327
         Punch             |       |     2 |     2 |     2 ||     6
         Flail             |       |       |    46 |   226 ||   272
   Fire: Orcbow            |       |       |       |    91 ||    91
  Throw: Javelin           |       |     7 |    25 |     8 ||    40
         Dart              |       |       |     4 |       ||     4
   Cast: Olgreb's Toxic Ra |       |       |       |    35 ||    35
         Ozocubu's Armour  |       |       |       |     1 ||     1
         Poisonous Vapours |       |       |       |     1 ||     1
Ability: Dig               |       |     1 |     1 |     2 ||     4
         Shaft Self        |       |       |     1 |     4 ||     5
  Evoke: Wand              |       |    24 |       |     8 ||    32
    Use: Scroll            |       |     5 |     6 |    14 ||    25
         Potion            |       |       |     2 |    14 ||    16
   Stab: Sleeping          |    21 |     8 |     5 |     2 ||    36
         Distracted        |       |     2 |     1 |       ||     3
         Confused          |       |       |     1 |       ||     1
 Armour: Robe              |    29 |    94 |   101 |   261 ||   485
         Leather armour    |     2 |       |       |       ||     2
  Dodge: Dodged            |    46 |   111 |   118 |   198 ||   473
  Block: Buckler           |       |       |       |    79 ||    79

Table legend: (Time is in decaauts)
 A = Elapsed time spent in this place.
 B = Non-inter-level travel time spent in this place.
 C = Inter-level travel time spent in this place.
 D = Time resting spent in this place.
 E = Time spent auto-exploring this place.
 F = Levels seen in this place.
 G = Mean time per level.
                   A        B        C        D        E       F      G
               +--------+--------+--------+--------+--------+-----+--------+
         Total |  16338 |  15227 |   1111 |   4182 |   6103 |  15 | 1089.2 |
       Dungeon |  16336 |  15226 |   1110 |   4182 |   6103 |  14 | 1166.9 |
        Temple |      1 |      0 |      1 |      0 |      0 |   1 |    1.0 |
               +--------+--------+--------+--------+--------+-----+--------+

Top non-repeatable levels by time:
     D:6: 2848 daAuts
     D:9: 2688 daAuts
     D:5: 1815 daAuts
    D:10: 1635 daAuts
     D:8: 1633 daAuts
     D:7: 1177 daAuts
     D:4: 1142 daAuts
    D:11: 1128 daAuts
     D:3: 946 daAuts
     D:1: 770 daAuts
     D:2: 434 daAuts
    D:12: 78 daAuts
    D:15: 26 daAuts
    D:13: 9 daAuts
  Temple: 1 daAuts
